 Dungeon Crawl Stone Soup version 0.29.0-4-gdea44cf6ec (webtiles) character file.

Game seed: 12298715170301955999

75 qw the Chopper (level 4, -4/26 HPs)
             Began as a Tengu Warper on Aug 28, 2022.
             Slain by Terence
             ... wielding a +0 falchion
              (5 damage)
             ... on level 2 of the Dungeon.
             The game lasted 00:00:09 (2073 turns).

qw the Chopper (Tengu Warper)                       Turns: 2073, Time: 00:00:10

Health: -4/26      AC:  5    Str: 13    XL:     4   Next: 31%
Magic:  8/8        EV: 11    Int: 13    God:
Gold:   85         SH:  0    Dex: 14    Spells: 7/7 levels left

rFire   . . .      SeeInvis .   Y - +0 hand axe
rCold   . . .      Faith    .   (no shield)
rNeg    . . .      Spirit   .   d - +0 ring mail
rPois   .          Reflect  .   (helmet restricted)
rElec   .          Harm     .   (no cloak)
rCorr   .          Rampage  .   (no gloves)
Will    .....                   (boots unavailable)
Stlth   +.........              (no amulet)
HPRegen 0.08/turn               (no ring)
MPRegen 0.11/turn               (no ring)

@: no status effects
A: beak, talons 3
a: no special abilities


You were on level 2 of the Dungeon.
You visited 1 branch of the dungeon, and saw 2 of its levels.

You collected 85 gold pieces.


Innate Abilities, Weirdness & Mutations

You have a beak for a mouth.
You have claws for feet.


   Skills:
 - Level 2.0 Fighting
 + Level 4.9 Axes
 - Level 1.0 Throwing
 - Level 1.1 Armour
 - Level 2.1 Dodging
 - Level 2.0 Spellcasting
 - Level 2.4 Translocations


You had 7 spell levels left.
You didn't know any spells.
Your spell library contained the following spells:

 Spells                   Type           Power      Damage    Failure   Level
 Blink                    Tloc           14%        N/A       30%         2
 Gell's Gravitas          Tloc           7%         N/A       52%         3
 Lesser Beckoning         Tloc           7%         N/A       52%         3
 Teleport Other           Tloc           7%         N/A       52%         3
 Manifold Assault         Tloc           7%         N/A       99%         5

Inventory:

Hand Weapons
 k - a +0 mace
 Y - a +0 hand axe (weapon)
Armour
 d - a +0 ring mail (worn)
Scrolls
 a - a scroll of enchant armour
 g - a scroll of enchant weapon {unknown}
Potions
 b - a potion of flight {unknown}
 c - a potion of heal wounds {unknown}
 e - a potion of haste {unknown}
 f - a potion of attraction {unknown}
 j - a potion of lignification {unknown}

Dungeon Overview and Level Annotations

Branches:
Dungeon (2/15)

Altars:

Annotations:
D:2 Terence


Message History

You are no longer poisoned.
The adder barely misses you.
You hit the adder.
You kill the adder!
You start resting.
HP restored.
You see here a scroll of butterflies.
Terence the Incautious comes into view.
He is wielding a +0 falchion.
Terence shouts!
Enter note: You hit Terence.
You claw Terence, but do no damage. You peck Terence, but do no damage.
Terence is lightly wounded.
Terence hits you with a +0 falchion.
You hit Terence but do no damage. Your kick misses Terence.
You peck Terence, but do no damage.
Terence is lightly wounded.
Terence barely misses you.
You hit Terence.
Terence is heavily wounded.
Terence barely misses you.
You barely miss Terence. You claw Terence. You peck Terence, but do no damage.
Terence is severely wounded.
Terence barely misses you.
You barely miss Terence.
Terence is severely wounded.
Terence hits you with a +0 falchion.
You hit Terence but do no damage. Your kick misses Terence.
Terence is severely wounded.
Terence hits you with a +0 falchion. Terence closely misses you.
You completely miss Terence.
Terence is severely wounded.
Terence hits you with a +0 falchion!
You hit Terence but do no damage.
Terence is severely wounded.
Terence hits you with a +0 falchion.
You closely miss Terence.
Terence is severely wounded.
Terence hits you with a +0 falchion.
You die...

#...#.### #...#.#
.#...#.# .......#
##...####
#.......##
##########........
#.@...... .....#.
#@# #.##..#% #.#
#.....<% #.#
#.#####. #.#######
#. #.......# ...
#.#####.# ###
#.#####.# #
#....##.# #
#.##.##.# #


You could see Terence.

Vanquished Creatures
  3 adders (D:2)
  A dart slug (D:2)
  3 bats
  6 endoplasms
  3 giant cockroaches
  7 hobgoblins
  A quokka (D:1)
  3 ball pythons (D:2)
  3 frilled lizards
  5 goblins (D:1)
  A kobold (D:1)
  6 rats (D:1)
42 creatures vanquished.

Notes
Turn   | Place    | Note
-------+----------+-------------------------------------------
     0 | D:1      | qw the Tengu Warper began the quest for the Orb.
     0 | D:1      | Reached XP level 1. HP: 12/12 MP: 4/4
     0 | D:1      | 0 ||| qw: Version: 0.1-a-89-g26bdef1
     0 | D:1      | 0 ||| qw: Game counter: 640
     0 | D:1      | 0 ||| qw: Always use a shield: true
     0 | D:1      | 0 ||| qw: God list: Okawaru
     0 | D:1      | 0 ||| qw: Allow faded altars: false
     0 | D:1      | 0 ||| qw: Do Orc after D:15 true
     0 | D:1      | 0 ||| qw: Do second Lair branch before Depths: true
     0 | D:1      | 0 ||| qw: Lair rune preference: random
     0 | D:1      | 0 ||| qw: Plans: Normal
     0 | D:1      | 0 ||| PLANNING D:1-11
    66 | D:1      | Reached XP level 2. HP: 17/17 MP: 6/6
    89 | D:1      | Reached skill level 3 in Axes
   888 | D:1      | Reached XP level 3. HP: 21/21 MP: 7/7
  1224 | D:1      | 1224 ||| DROPPING +0 club.
  1306 | D:1      | Reached skill level 4 in Axes
  1408 | D:1      | 1408 ||| UPGRADING to +0 ring mail.
  1418 | D:1      | 1418 ||| DROPPING +0 leather armour.
  1419 | D:1      | 1419 ||| DROPPING ring of magical power.
  1420 | D:1      | 1420 ||| READING 2 scrolls labelled NAUR FUANLUCEOQU.
  1421 | D:1      | 1421 ||| READING 2 scrolls labelled SOETI QEWISIA.
  1422 | D:1      | 1422 ||| DROPPING scroll of blinking.
  1423 | D:1      | 1423 ||| DROPPING scroll of butterflies.
  1451 | D:2      | 1451 ||| STAIRDANCE
  1515 | D:2      | 1515 ||| STAIRDANCE
  1587 | D:2      | 1587 ||| Stepping ~*~*~tactically~*~*~ (hiding).
  1588 | D:2      | 1588 ||| Stepping ~*~*~tactically~*~*~ (hiding).
  1670 | D:2      | Reached XP level 4. HP: 17/26 MP: 8/8
  1738 | D:2      | 1738 ||| FLEEEEING.
  1739 | D:2      | 1739 ||| FLEEEEING.
  1743 | D:2      | 1743 ||| FLEEEEING.
  1747 | D:2      | 1747 ||| FLEEEEING.
  1750 | D:2      | 1750 ||| STAIRDANCE
  1783 | D:1      | 1783 ||| DROPPING amulet of magic regeneration.
  2061 | D:2      | Noticed Terence
  2071 | D:2      | HP: 4/26 [Terence/+0 falchion (8)]
  2072 | D:2      | HP: 1/26 [Terence/+0 falchion (3)]
  2073 | D:2      | Slain by Terence

Levels and vault maps discovered:
D:1:      dpeg_arrival_prison, layout_loops_corners
D:2:      layout_loops_cross, hellmonk_ecumenical_altar_watching_god,
          hangedman_feature_mirror, minmay_pentomino_s4, uniq_terence

Skill      XL: |  1  2  3 |
---------------+----------+-----
Axes           | 3 4 |  4.9
Fighting       | |  2.0
Throwing       | |  1.0
Armour         | |  1.1
Dodging        | |  2.1
Spellcasting   | |  2.0
Translocations | |  2.4

Action                   |  1- 3 |  4- 6 || total
-------------------------+-------+-------++-------
Melee: Hand axe          |    76 |    22 ||    98
       Kick              |    16 |     5 ||    21
       Peck              |     7 |     4 ||    11
       Punch             |     2 |       ||     2
Throw: Boomerang         |     7 |       ||     7
  Use: Scroll            |     2 |       ||     2
Armor: Leather armour    |     8 |       ||     8
       Ring mail         |    15 |     4 ||    19
Dodge: Dodged            |    36 |    10 ||    46

Table legend:
 A = Non-vault XP
 B = Vault XP
 C = Vault XP percentage of total XP
 D = Non-vault monster count
 E = Vault monster count
 F = Vault count percentage of total count
                 A         B        C        D         E       F
            +---------+---------+-------+---------+---------+-------
      Total |      99 |       9 |   8.3 |      36 |       6 |  14.3
            +---------+---------+-------+---------+---------+-------
        D:1 |      45 |       5 |  10.0 |      27 |       3 |  10.0
        D:2 |      54 |       4 |   6.9 |       9 |       3 |  25.0
            +---------+---------+-------+---------+---------+-------
